 Dungeon Crawl Stone Soup version bcrawl-1.12.2 (webtiles) character file.

Game seed: 13106795654922632309

24 Ebbett the Caller (level 3, 0/19 HPs)
             Began as an Avariel Summoner on July 23, 2019.
             Succumbed to an adder's poison
             ... on level 2 of the Dungeon.
             The game lasted 00:07:52 (868 turns).

Ebbett the Caller (Avariel Summoner)                 Turns: 868, Time: 00:07:52

Health: 0/19       AC:  2    Str:  6    XL:     3   Next: 2%
Magic:  6/9        EV: 12    Int: 18    God:
Gold:   56         SH:  0    Dex: 13    Spells: 7/8 levels left

rFire    . . .     SeeInvis .   (no weapon)
rCold    . . .     Gourm    .   (no shield)
rNeg     . . .     Faith    .   a - +0 robe
rPois    .         Spirit   .   (no helmet)
rElec    .         Reflect  .   (no cloak)
rCorr    .         Harm     .   (no gloves)
MR       .....                  (no boots)
Stlth    ++........             (no amulet)
HPRegen  0.06/turn              h - -3 ring of intelligence (curse)
MPRegen  0.11/turn              (no ring)

@: lethally poisoned (0 -> -6)
A: no striking features
a: no special abilities


You were on level 2 of the Dungeon.
You were not hungry.

You visited 1 branch of the dungeon, and saw 2 of its levels.

You collected 56 gold pieces.

Inventory:

Hand Weapons
 g - a +0 short sword
Armour
 a - a +0 robe (worn)
 b - a +0 cloak
Jewellery
 h - a cursed -3 ring of intelligence (left hand)
Scrolls
 e - 2 scrolls of magic mapping
 f - a scroll of identify
Potions
 i - a potion of invisibility {unknown}
 j - a potion of degeneration {unknown}
Comestibles
 c - a ration {!d}


   Skills:
 + Level 2.2 Dodging
 + Level 2.3 Stealth
 + Level 3.2 Spellcasting
 + Level 5.5 Summonings


You had 7 spell levels left.
You knew the following spells:

 Your Spells              Type           Power        Failure   Level  Hunger
a - Summon Small Mammal   Summ           ###.         1%          1    None

Your spell library contained the following spells:

 Spells                   Type           Power        Failure   Level  Hunger
 Call Imp                 Summ           ###.....     2%          2    ##.....
 Call Canine Familiar     Summ           ###.....     4%          3    ###....
 Summon Ice Beast         Ice/Summ       ##......     45%         4    ####...
 Summon Lightning Spire   Summ/Air       ##......     80%         5    ######.


Dungeon Overview and Level Annotations

Branches:
Dungeon (2/12)

Altars:
Xom


Message History

The adder bites you.
The jackal bites your quokka but does no damage.
Casting: Summon Small Mammal (safe; 1% risk of failure)
Confirm with . or Enter, or press ? or * to list all spells.
Your quokka closely misses the jackal.
Your quokka misses the adder. The adder bites you.
* * * LOW HITPOINT WARNING * * *
The jackal bites your quokka but does no damage.
Your quokka closely misses the jackal.
Sorry, you're not good enough to have a special ability.
* * * LOW HITPOINT WARNING * * *
You feel sick.
Your quokka misses the adder.
Casting: Summon Small Mammal (safe; 1% risk of failure)
Confirm with . or Enter, or press ? or * to list all spells.
The adder bites you.
* * * LOW HITPOINT WARNING * * *
Your quokka bites the adder.
Your quokka misses the adder. The adder bites you.
* * * LOW HITPOINT WARNING * * *
You swap places.
You die...

#.. #(# #.##
.######..
........###
#.).h$h####
#.$.###rrrr#
#...#
####S## ..#
#r@## .
##..# ##.#
#.# #.#####
# #.....# .#
#####.##
##.# #..#
##...#
##.#####<.#


You could see an adder, a jackal and 4 friendly quokkas.

Vanquished Creatures
  A goblin (D:1)
1 creature vanquished.

Vanquished Creatures (collateral kills)
  2 oozes (D:1)
  A worm (D:1)
  2 bats (D:1)
  2 giant cockroaches (D:1)
  4 goblins
  3 hobgoblins (D:1)
  9 kobolds
  2 rats (D:1)
25 creatures vanquished.

Grand Total: 26 creatures vanquished

Notes
Turn   | Place    | Note
-------+----------+-------------------------------------------
     0 | D:1      | Ebbett the Avariel Summoner began the quest for the Orb.
     0 | D:1      | Reached XP level 1. HP: 10/10 MP: 6/6
    48 | D:1      | Reached skill level 5 in Summonings
   122 | D:1      | Reached XP level 2. HP: 14/15 MP: 5/7
   333 | D:1      | Found an iron altar of Okawaru.
   336 | D:1      | Found a shimmering altar of Xom.
   336 | D:1      | Found a radiant altar of Vehumet.
   338 | D:1      | Found a shimmering altar of Xom.
   338 | D:1      | Found a hazy altar of Hepliaklqana.
   338 | D:1      | Found a shimmering altar of Xom.
   806 | D:2      | Reached XP level 3. HP: 13/19 MP: 5/9
   868 | D:2      | Succumbed to an adder's poison

Skill      XL: |  1  2 |
---------------+-------+-----
Summonings     | 5 |  5.5
Spellcasting   | 3 |  3.2
Dodging        | |  2.2
Stealth        | |  2.3

Action                   || total
-------------------------++-------
Melee: Unarmed           ||     1
 Cast: Summon Small Mamm ||    51
  Use: Potion            ||     2
       Scroll            ||     1
Armor: Robe              ||     5
Dodge: Dodged            ||    42
